[Event "Early-Titled-Tuesday-Blitz-August-29-2023"]
[Site "Chess.com"]
[Date "2023.08.29"]
[Round "3"]
[White "Irina_Mikhaylova"]
[Black "Magila31"]
[Result "0-1"]
[WhiteElo "2277"]
[BlackElo "2467"]
[TimeControl "180+1"]
[EndTime "8:30:25 PDT"]
[Termination "Magila31 won by checkmate"]

1. Nf3 g6 2. c4 Bg7 3. d4 d6 4. Nc3 Nf6 5. e4 O-O 6. Be2 c5 7. O-O Nc6 8. d5 Na5 9. Bf4 Bg4 10. Qd3 Nd7 11. b3 Bxf3 12. Bxf3 Ne5 13. Bxe5 Bxe5 14.
Rac1 a6 15. g3 Rb8 16. Be2 Qd7 17. Kg2 f5 18. exf5 Qxf5 19. Ne4 b5 20. f4 Bd4 21. h3 bxc4 22. bxc4 Rb2 23. Rc2 Rfb8 24. Bg4 Qf8 25. Rc1 Qe8 26. Be6+ Kh8 27. Ng5 Qa4 28. Qe2 Qxc4 29. Kf3 Qxe2+ 30. Rxe2 Rxe2 31. Kxe2 Rb2+ 32. Kf3 Rxa2 33. Rb1 Rb2 34. Re1 Rb3+ 35. Kg4 Bf2 36. Re2 Rxg3+ 37. Kh4 Rg2+ 38. Rxf2 Rxf2 39. Bg4 Rxf4 40. Kg3 Rd4 41. Nf7+ Kg7 42. Nd8 Rd3+ 43. Kh4 Kf6 44. Ne6 h5 45. Nf4 hxg4 46. Nxd3 gxh3 47.
Kxh3 c4 48. Nb4 Ke5 49. Kg4 c3 50. Kf3 Kf5 51. Ke3 g5 52. Nd3 Nb3 53. Ne1 g4 54.
Kd3 Kf4 55. Kxc3 Nc5 56. Kd4 g3 57. Ng2+ Kf3 58. Nh4+ Kf2 59. Kc4 g2 60. Nf5 g1=Q 61.
Nd4 Qc1+ 62. Kb4 Qb2+ 63. Ka5 Qxd4 64. Kb6 Qb4+ 65. Kc6 Qb7# 0-1

[Event "Early-Titled-Tuesday-Blitz-August-29-2023"]
[Site "Chess.com"]
[Date "2023.08.29"]
[Round "3"]
[White "topin8"]
[Black "Fh2411"]
[Result "1-0"]
[WhiteElo "2478"]
[BlackElo "2649"]
[TimeControl "180+1"]
[EndTime "8:30:28 PDT"]
[Termination "topin8 won by resignation"]

1. e4 c6 2. Nf3 d5 3. Nc3 dxe4 4. Nxe4 Nf6 5. Nxf6+ exf6 6. d4 Bd6 7. Bd3 O-O 8. O-O Re8 9. h3 Nd7 10. c3 Nf8 11.
Be3 Be6 12. Qd2 Qc7 13. c4 Rad8 14. Rac1 Qd7 15. Bf4 g5 16. Bxd6 Qxd6 17. Rfd1 Ng6 18. Bxg6 hxg6 19. Qc3 g4 20. hxg4 Bxg4 21. d5 c5 22. g3 Kg7 23. Kg2 Qd7 24. Rh1 Qf5 25. Rce1 Re4 26. Nh4 Qe5 27. Qxe5 Rxe5 28. f4 Ree8 29.
Kf2 Rxe1 30. Rxe1 b5 31. Ng2 bxc4 32. Ne3 Bc8 33. Rd1 Ba6 34. Rd2 Kf8 35. Ke1 Ke7 36.
Kd1 Kd6 37. Kc2 Re8 38. Ng4 f5 39. Ne5 Re7 40. b3 cxb3+ 41. axb3 g5 42. Kc3 f6 43. Nc4+ Bxc4 44. bxc4 Re3+ 45. Rd3 Re4 46. Rf3 a5 47.
Kb3 a4+ 48. Kc3 a3 49. fxg5 a2 50. Kb2 fxg5 51. Rxf5 Rxc4 52. Kxa2 g4 53. Rg5 Rd4 54. Kb3 Rd3+ 55. Kc4 Rxg3 56. Rg6+ Kd7 57. Kxc5 Rg1 58. Rg7+ Kc8 59. Kc6 Rc1+ 60. Kd6 Rg1 61. Rg8+ Kb7 62.
Rg7+ Kc8 63. Rg8+ Kb7 64. Ke7 g3 65. d6 g2 66. d7 Re1+ 67. Kf8 Rd1 68. Ke8 Re1+ 69.
Kf7 Rd1 70. Rxg2 Rd6 71. Ke7 Rd2 72. Rxd2 1-0

[Event "Early-Titled-Tuesday-Blitz-August-29-2023"]
[Site "Chess.com"]
[Date "2023.08.29"]
[Round "3"]
[White "CheckThis4"]
[Black "Actuary44"]
[Result "0-1"]
[WhiteElo "2670"]
[BlackElo "2485"]
[TimeControl "180+1"]
[EndTime "8:30:30 PDT"]
[Termination "Actuary44 won on time"]

1. e4 c5 2. c3 d5 3. exd5 Qxd5 4. d4 cxd4 5. cxd4 Nc6 6. Nf3 Bg4 7. Be2 e6 8. Nc3 Bb4 9. O-O Bxc3 10. bxc3 Nge7 11. h3 Bf5 12. Ba3 O-O 13. Re1 Rfd8 14. Nd2 Rac8 15. Bf3 Qa5 16. Nc4 Qxc3 17. Rc1 Qxd4 18. Nd6 Rb8 19.
Qxd4 Nxd4 20. Bxb7 Nc2 21. Nxf5 Nxf5 22. Rxc2 Rxb7 23. g4 Nd4 24. Rd1 f6 25. Kg2 Nxc2 26. Rxd8+ Kf7 27. Rf8+ Kg6 28. Bc5 Rc7 29. Bd6 Rd7 30. Bf4 e5 31. Bc1 Ne1+ 32. Kg3 Rd3+ 33. Be3 Nc2 34. Kf3 Nxe3 35. fxe3 Ra3 36. h4 h6 37. h5+ Kh7 38. Ke4 Rxa2 39. Ra8 a5 40. Kf5 a4 41. Ke6 a3 42. Kf7 Rg2 43. Rxa3 Rxg4 44. Ra7 Rg5 45. Kf8 f5 46. Rf7 f4 47.
e4 Rg3 48. Ke7 Rg4 49. Ke6 Rg5 50. Rf8 Rxh5 51. Rf7 Rg5 52. Ke7 h5 53. Ke6 h4 54.
Rc7 h3 55. Rc3 Rg3 56. Rc2 Rg2 57. Rc3 h2 58. Rh3+ Kg6 59. Kxe5 Kg5 60. Rh7 Kg4 61. Rxg7+ Kf3 62. Rh7 Ke3 63. Kd5 f3 64. Rh3 Ke2 65. e5 f2 66. e6 f1=Q 67. e7 Qf5+ 68. Kd6 Rg6+ 69. Kc7 Qxh3 70. e8=Q+ Kf1 71. Qxg6 h1=Q 72.
Qb1+ Kg2 73. Qc2+ Kg3 74. Qg6+ Qg4 75. Qd3+ Qhf3 76. Qd2 Qgf4+ 0-1

[Event "Early-Titled-Tuesday-Blitz-August-29-2023"]
[Site "Chess.com"]
[Date "2023.08.29"]
[Round "3"]
[White "DanielTitichoca"]
[Black "wadsy27"]
[Result "0-1"]
[WhiteElo "2417"]
[BlackElo "2610"]
[TimeControl "180+1"]
[EndTime "8:30:33 PDT"]
[Termination "wadsy27 won by checkmate"]

1. c4 b6 2. e4 Bb7 3. Nc3 e5 4.
d3 Bc5 5. Nge2 Nf6 6. Ng3 Nc6 7.
a3 a5 8. Be2 Nd4 9. O-O h5 10.
Na4 h4 11. Nf5 Nxf5 12. Nxc5 bxc5 13. exf5 h3 14. g3 d5 15. Bg5 Qd6 16. Bf3 e4 17. dxe4 Nxe4 18. Bf4 Qd7 19. cxd5 Nd6 20. Re1+ Kd8 21.
Rc1 Qxf5 22. Rxc5 g5 23. Be5 f6 24. Bg4 Qg6 25. Bxd6 cxd6 26. Qe2 Re8 27. Qxe8+ Qxe8 28. Rxe8+ Kxe8 29. Rb5 Bc8 30. f3 Bxg4 31. fxg4 Rc8 32. Rxa5 Rc1+ 33. Kf2 Rc2+ 34. Kg1 Rg2+ 35. Kh1 Rxb2 36.
Kg1 Rg2+ 37. Kh1 Rd2 38. Kg1 Kf7 39. a4 Kg6 40. Ra8 Rxd5 41. a5 Rd1+ 42. Kf2 Rd2+ 43. Kg1 Rg2+ 44. Kh1 Ra2 45. Kg1 d5 46. a6 d4 47. a7 Kg7 48. Kf1 d3 49. Ke1 Kh7 50. Kd1 Kg7 51. Kc1 Kh7 52. Kd1 Kg7 53. Kc1 Kh7 54.
Kb1 d2 55. Rd8 Rxa7 56. Rxd2 Kg6 57. Rf2 Ra4 58. Kc1 Rxg4 59. Kd1 Re4 60. Kd2 f5 61. Kd3 Re1 62. Rb2 Kh5 63. Kd2 Re8 64. Kd3 Kg4 65.
Rb4+ Kf3 66. Rb5 Rd8+ 67. Kc2 Rf8 68. Kd3 Kg2 69. Ke3 Kxh2 70. g4 fxg4 71. Rxg5 g3 72.
Rh5 g2 73. Rg5 g1=Q+ 74. Kd3 Qxg5 75. Ke2 Qe7+ 76. Kd1 Rd8+ 77. Kc2 Qc7+ 78. Kb3 Rb8+ 79. Ka3 Qa7# 0-1

[Event "Early-Titled-Tuesday-Blitz-August-29-2023"]
[Site "Chess.com"]
[Date "2023.08.29"]
[Round "3"]
[White "MatyChess1"]
[Black "Marcin"]
[Result "0-1"]
[WhiteElo "2672"]
[BlackElo "2485"]
[TimeControl "180+1"]
[EndTime "8:30:34 PDT"]
[Termination "Marcin won by resignation"]

1. d4 g6 2. e4 Bg7 3. Nf3 a6 4. c3 d6 5. Bd3 Nd7 6. O-O b6 7. Re1 Bb7 8. Nbd2 e6 9. Nf1 Ne7 10. Ng3 O-O 11. Bd2 c5 12. Qc1 Re8 13. Bh6 Bh8 14. h4 Rc8 15. Qd2 Nf6 16. h5 cxd4 17. cxd4 Ng4 18. hxg6 hxg6 19. Bg5 Qd7 20. Rad1 f6 21.
Bf4 e5 22. Bh6 Nxh6 23. Qxh6 Bg7 24. Qh4 Qe6 25. Bb1 Kf7 26. Nh2 Rh8 27. Qg4 Qxg4 28.
Nxg4 Rhd8 29. a3 Kf8 30. Ne3 Nc6 31. Ne2 Nxd4 32. Nxd4 exd4 33. Rxd4 f5 34. Rb4 fxe4 35. Rxb6 Rc7 36. Ba2 Bd4 37. Rb4 Bc5 38. Rc4 d5 39.
Rcc1 d4 40. Ng4 Bb6 41. Rxc7 Bxc7 42. Nf6 d3 43. Nh7+ Kg7 44. Ng5 Rd7 45. g3 Kf6 46. Nxe4+ Bxe4 47. Rxe4 d2 48. Bb3 d1=Q+ 49. Bxd1 Rxd1+ 50.
Kg2 Be5 51. Rc4 Rd6 52. b4 Bb2 53. a4 Bd4 54. b5 a5 55. f4 Bb6 56. Kf3 Kf5 57.
g4+ Kf6 58. Ke4 Re6+ 59. Kd5 Ke7 60. Rc2 Rf6 61. Ke4 Kd7 62. Rd2+ Rd6 63. Rh2 Kc7 64.
Rh7+ Rd7 65. Rh6 Re7+ 66. Kd5 Rf7 67. Rxg6 Rxf4 68. Rg7+ Kb8 69. g5 Bf2 70. Kc6 Rc4+ 71. Kd5 Rxa4 72. g6 Bd4 73. Kc6 Bxg7 74. b6 Rb4 75. b7 a4 76. Kd6 Rxb7 77. Ke6 a3 78.
Kf5 a2 0-1

[Event "Early-Titled-Tuesday-Blitz-August-29-2023"]
[Site "Chess.com"]
[Date "2023.08.29"]
[Round "3"]
[White "jsdbv18"]
[Black "Grossboss19"]
[Result "1-0"]
[WhiteElo "2593"]
[BlackElo "2517"]
[TimeControl "180+1"]
[EndTime "8:30:36 PDT"]
[Termination "jsdbv18 won by resignation"]

1. d4 Nf6 2. Bf4 e6 3. e3 c5 4. c3 Nc6 5. Nd2 d5 6. Ngf3 Bd6 7. Ne5 Qc7 8. Ndf3 Nd7 9. Nxc6 bxc6 10. Bxd6 Qxd6 11.
Bd3 O-O 12. O-O h6 13. e4 cxd4 14. Nxd4 Bb7 15. exd5 exd5 16. Re1 Rfe8 17. Qd2 Ne5 18. Bc2 c5 19. Nf5 Qf6 20. Qf4 Qg5 21. Qxg5 hxg5 22. Nd6 Re7 23. Nxb7 Rae8 24. Nxc5 Nf3+ 25. gxf3 Rxe1+ 26.
Rxe1 Rxe1+ 27. Kg2 Re2 28. Bb3 Rxb2 29. Bxd5 Rc2 30.
Ne4 Kf8 31. Bb3 Rc1 32. Nxg5 f5 33. c4 Ke7 34. f4 a5 35. Nf3 Kd6 36. Ne5 Rc3 37. Ba4 Ra3 38. Bc2 Rxa2 39. Bxf5 a4 40. Nd3 Ra1 41. c5+ Kc7 42. Nb4 a3 43. c6 a2 44. Be6 Rg1+ 45. Kxg1 a1=Q+ 46. Kg2 Qd4 47.
Nd5+ Kxc6 48. f5 Kd6 49. Ne3 Ke5 50. Bf7 Kf4 51. Bg6 Qe4+ 52. Kg1 Qb1+ 53. Kg2 Qe4+ 54.
Kg1 Qb7 55. Bh5 Kg5 56. Be2 Kh4 57. Bf1 Qb4 58. Kg2 Qe4+ 59. Kg1 Qe7 60. Be2 Kg5 61. Kg2 Qb7+ 62. Bf3 Qb1 63. Kg3 Qb8+ 64. Kg2 Kf4 65. Bd5 Qd8 66. h3 Qg5+ 67. Kf1 Qd8 68. Kg2 Ke5 69.
Kf3 Qh4 70. Kg2 Kf4 71. Bc6 Qh5 72. Bd5 Qg5+ 73. Kf1 Qh6 74. Bg2 Ke5 75. Ng4+ Kxf5 76. Nxh6+ gxh6 77. Kg1 Kf4 78. Kh2 h5 79. Kg1 h4 80.
Kf1 Ke5 81. Ke2 Kf4 82. Kd3 Ke5 83. Ke3 Kf5 84. Kf3 Kg5 85. Ke4 Kg6 86. Kf4 Kh5 87. Kf5 Kh6 88. Kg4 Kh7 89. Kxh4 Kg8 90. Kg5 Kh8 91.
f4 Kg7 92. Kf5 Kf8 93. Kf6 Kg8 94. Ke7 Kh8 95. f5 1-0

[Event "Early-Titled-Tuesday-Blitz-August-29-2023"]
[Site "Chess.com"]
[Date "2023.08.29"]
[Round "3"]
[White "Sl4werThanYou"]
[Black "FGHSMN"]
[Result "0-1"]
[WhiteElo "2738"]
[BlackElo "2946"]
[TimeControl "180+1"]
[EndTime "8:30:45 PDT"]
[Termination "FGHSMN won by checkmate"]

1. d4 d5 2. c4 c6 3. Nc3 Nf6 4.
e3 Bf5 5. f3 h5 6. Bd3 Bxd3 7.
Qxd3 e6 8. Nge2 dxc4 9. Qxc4 a6 10.
Bd2 b5 11. Qb3 Nbd7 12. e4 c5 13. Be3 Qc7 14. O-O c4 15. Qc2 e5 16. Rad1 Bd6 17. dxe5 Nxe5 18. Nf4 Bc5 19. Bxc5 Qxc5+ 20. Kh1 O-O 21. Ncd5 Nxd5 22. Rxd5 Qe7 23. Nxh5 Nd3 24. Qd2 Rad8 25. Nf4 Nxf4 26. Rxd8 Qxd8 27. Qxf4 Qd4 28. Qc1 Rd8 29. h3 b4 30. Qc2 c3 31. bxc3 bxc3 32. Rc1 Qe3 33. Kh2 Rd3 34. a3 Qf4+ 35. Kh1 Qd6 36. Qb3 Qc5 37. Kh2 g6 38. Rc2 Qd6+ 39.
Kg1 Rd1+ 40. Kf2 Rd2+ 41. Kg1 Qd4+ 42. Kh2 Rxc2 43. Qxc2 Qd2 44. Qb3 c2 45. Qb8+ Kh7 46. Qc7 Kh6 47. Qxf7 Qd6+ 48. e5 Qxe5+ 49. f4 Qc5 50.
Qg8 g5 51. fxg5+ Qxg5 52. Qh8+ Kg6 53. Qe8+ Kh7 54. Qd7+ Qg7 55. Qd3+ Qg6 56. Qd7+ Kg8 57. Qc8+ Kf7 58. Qc7+ Ke8 59. Qc8+ Ke7 60. Qc7+ Kf8 61. h4 Qd3 62. Qc8+ Kf7 63. Qc7+ Kf6 64. Qc6+ Ke5 65. Qc5+ Ke4 66. Qc6+ Ke3 67. Qf3+ Kd2 68. Qf2+ Kc3 69. Qe1+ Kb2 70. Qb4+ Qb3 71. Qd4+ Qc3 72. Qb6+ Ka1 73. h5 c1=Q 74. g3 Q3d2+ 75. Kh3 Qf1+ 76. Kh4 Qh2+ 77. Kg5 Qfe2 78. Kh6 Qhxh5+ 79. Kg7 Qe7+ 80. Kg8 Qhh7# 0-1

[Event "Early-Titled-Tuesday-Blitz-August-29-2023"]
[Site "Chess.com"]
[Date "2023.08.29"]
[Round "3"]
[White "Alphafischer2019"]
[Black "ljm509"]
[Result "0-1"]
[WhiteElo "2523"]
[BlackElo "2245"]
[TimeControl "180+1"]
[EndTime "8:30:46 PDT"]
[Termination "ljm509 won by checkmate"]

1. d4 Nf6 2. Bf4 d5 3. e3 c5 4.
Nc3 a6 5. Nf3 Nc6 6. dxc5 e6 7.
Bd3 Bxc5 8. O-O O-O 9. e4 dxe4 10. Nxe4 Be7 11. Qe2 Nd5 12. Bg5 Ncb4 13. Bxe7 Qxe7 14.
Bc4 b5 15. Bb3 Bb7 16. c3 Nc6 17. Bxd5 exd5 18. Ng3 Qf6 19. Qd2 Rad8 20. Ne2 Rfe8 21. Ned4 Ne5 22. Nxe5 Rxe5 23. Rae1 Rde8 24. h3 h6 25. Nf3 Re4 26. a3 R8e6 27. Nd4 Re7 28. f3 R4e5 29. Nc2 Bc8 30. Rxe5 Rxe5 31. Re1 Rxe1+ 32.
Qxe1 Be6 33. Nd4 Kh7 34. Qe3 g5 35. Nb3 Kg7 36. Nc5 Bc8 37. Qd4 Qxd4+ 38. cxd4 Kf6 39. Kf2 Ke7 40. Ke3 Kd6 41. b4 f6 42. Kd3 Ke7 43. Ke2 Kd6 44. Kf2 h5 45. Kg3 h4+ 46. Kf2 Ke7 47. Ke3 Kd6 48. f4 Ke7 49. fxg5 fxg5 50.
Nd3 Kd6 51. Ne5 Ke7 52. Kf2 Kf6 53. Kf3 Be6 54. Nd3 Bf5 55. Nc5 Bc8 56. Kf2 Kf5 57. g3 hxg3+ 58. Kxg3 Kf6 59. h4 gxh4+ 60. Kxh4 Kf5 61.
Kg3 Kg5 62. Kf3 Kf5 63. Nd3 Kf6 64. Kf4 Bf5 65. Nc5 Bc8 66. Nd3 Bf5 67. Ne1 Be4 68. Kg4 Kg6 69. Kf4 Kf6 70. Nf3 Bxf3 71. Kxf3 Kf5 72. Ke3 Kg4 73. Ke2 Kf4 74. Kd3 Kf3 75. Kc3 Ke4 76. Kc2 Kxd4 77. Kd2 Kc4 78. Kc2 d4 79. Kd2 d3 80. Kc1 Kc3 81. a4 bxa4 82. Kb1 a3 83. Ka2 d2 84. b5 axb5 85. Ka1 d1=Q+ 86.
Ka2 Qb3+ 87. Ka1 Qb2# 0-1

[Event "Early-Titled-Tuesday-Blitz-August-29-2023"]
[Site "Chess.com"]
[Date "2023.08.29"]
[Round "3"]
[White "ValentunHulka"]
[Black "amintabatabaei"]
[Result "1/2-1/2"]
[WhiteElo "2756"]
[BlackElo "2953"]
[TimeControl "180+1"]
[EndTime "8:30:48 PDT"]
[Termination "Game drawn - insufficient material"]

1. d4 Nf6 2. c4 e6 3. Nf3 d5 4. g3 Bb4+ 5. Bd2 Be7 6. Bg2 Nbd7 7. Qc2 c6 8. O-O O-O 9. b3 b6 10. Bf4 Bb7 11. Nbd2 Nh5 12. Be3 f5 13. Nb1 Nhf6 14. Nc3 Ne4 15. Nxe4 dxe4 16. Ne5 Nxe5 17. dxe5 c5 18.
Rad1 Qc7 19. Qc3 Rad8 20. Bf4 g5 21. Bc1 Rxd1 22. Rxd1 Rd8 23. Rxd8+ Qxd8 24. Qd2 Qd4 25. e3 Qxd2 26. Bxd2 Kf7 27. Bc3 Bc6 28. h3 Kg6 29. Bf1 Bd8 30. Be2 h5 31. Bd1 a6 32. Be2 b5 33. Kf1 Bc7 34. Ke1 h4 35. gxh4 gxh4 36.
Kd1 b4 37. Bb2 Kg5 38. Ke1 Be8 39. f4+ exf3 40. Bxf3 a5 41. Kf2 a4 42. bxa4 Bxa4 43. Bb7 Kg6 44. a3 Bc2 45. axb4 cxb4 46. Bc8 Kf7 47. Bb7 Ke7 48. Ke2 Ba5 49. c5 Kd7 50.
Bf3 Be4 51. Bh5 Kc6 52. Bd4 b3 53. Kd1 Bb4 54. Be8+ Kc7 55. Ba4 Bc2+ 56. Kc1 Ba3+ 57. Kd2 Bb4+ 58. Kc1 Ba3+ 59. Kd2 Kd8 60. Kc3 Be4 61.
Bxb3 Ke7 62. Ba4 Bg2 63. Kb3 Bc1 64. c6 Kd8 65. Bb6+ Kc8 66. Kc2 Ba3 67. Kb3 Be7 68. Kc4 Bxh3 69. Kb5 Bg2 70. Bb3 Bd5 71. Bxd5 exd5 72.
e4 h3 73. Bg1 dxe4 74. Kc4 f4 75. Kd4 e3 76. Kd3 Bc5 77. e6 e2 78. Kxe2 Bd6 79. Kf3 Kc7 80. Kg4 Kxc6 81. Kxh3 Kd5 82. Kg4 Ke4 83. Bh2 Kd5 84. Bxf4 Kxe6 1/2-1/2

[Event "Early-Titled-Tuesday-Blitz-August-29-2023"]
[Site "Chess.com"]
[Date "2023.08.29"]
[Round "3"]
[White "FeketeBarika"]
[Black "JoliyRoger"]
[Result "1/2-1/2"]
[WhiteElo "2319"]
[BlackElo "2494"]
[TimeControl "180+1"]
[EndTime "8:30:54 PDT"]
[Termination "Game drawn by repetition"]

1. Nf3 Nf6 2. g3 c5 3. Bg2 Nc6 4. c4 e6 5. Nc3 Be7 6. e4 d6 7. O-O O-O 8. d3 Rb8 9. Be3 a6 10. a4 Bd7 11. b3 Qc7 12. Qe2 Na5 13. Rfb1 Rfd8 14. d4 cxd4 15. Nxd4 Nc6 16. Nc2 h6 17. f4 Re8 18. Kh1 Bf8 19. h3 Na5 20. Qf2 b6 21. Nb4 Nxb3 22. Nxa6 Qxc4 23. Nxb8 Nxa1 24. Nxd7 Nxd7 25.
Qb2 Rc8 26. Nb5 Nc2 27. Bg1 Qxa4 28. Rc1 Nf6 29. Nc3 Rxc3 30. Qxc3 Nb4 31. Qd4 d5 32. e5 Bc5 33. Rxc5 bxc5 34. Qxc5 Nd7 35.
Qc8+ Kh7 36. Qc3 Nc6 37. Qd3+ Kg8 38. h4 Ne7 39. Kh2 Nf8 40. Qd4 Qd7 41. Qc5 Nf5 42. Qb4 h5 43. Bc5 Ng6 44. Qb8+ Kh7 45. Qb1 Qc6 46. Bg1 Qc3 47. Bf2 Qd2 48. Qe1 Qxe1 49. Bxe1 Nge7 50. Bf3 g6 51. Bf2 Kg8 52. Kg2 Kf8 53.
Kf1 Ke8 54. Ke2 Kd7 55. g4 Nc6 56. gxf5 gxf5 57. Bxh5 Ke7 58. Kd3 Nb4+ 59. Kc3 Nc6 60. Bf3 Kf8 61. h5 Kg7 62. Bh4 Kh7 63. Bf6 Na5 64. Kb4 Nc4 65. Kc5 Nd2 66. Be2 Ne4+ 67.
Kd4 Ng3 68. Bf3 Kh6 69. Bg5+ Kh7 70. h6 Nf1 71. Kd3 Ng3 72. Ke3 Kg8 73. Kf2 Ne4+ 74. Bxe4 dxe4 75. Ke3 Kh7 76. Kd4 Kg6 77. Ke3 Kh7 78. Kd4 Kg6 79. Ke3 Kh7 1/2-1/2

[Event "Early-Titled-Tuesday-Blitz-August-29-2023"]
[Site "Chess.com"]
[Date "2023.08.29"]
[Round "3"]
[White "Tomytoteph"]
[Black "ShahMatKanal"]
[Result "1/2-1/2"]
[WhiteElo "2610"]
[BlackElo "2433"]
[TimeControl "180+1"]
[EndTime "8:31:02 PDT"]
[Termination "Game drawn by 50-move rule"]

1. e4 c5 2. Nf3 e6 3. d4 cxd4 4. Nxd4 a6 5. c4 d6 6. Nc3 Nf6 7. Be3 Be7 8. f3 Nbd7 9. Qd2 h6 10. O-O-O Qc7 11. Kb1 b6 12. g4 Bb7 13. Be2 O-O-O 14. Rc1 Kb8 15. h4 Ne5 16. b3 Nfd7 17. f4 Nc6 18.
Bf3 Nxd4 19. Bxd4 Bf6 20. g5 hxg5 21. hxg5 Bxd4 22. Qxd4 Rxh1 23. Rxh1 e5 24. Qe3 exf4 25. Qxf4 Ne5 26. Rh7 Qc5 27. Qd2 Nxf3 28. Qd1 Qe3 29. Kb2 Bxe4 30. Rxg7 Bg6 31. a4 Qd2+ 32. Qxd2 Nxd2 33.
Nd5 Kb7 34. Nf4 Kc6 35. Nxg6 fxg6 36. Rxg6 b5 37. cxb5+ axb5 38. axb5+ Kxb5 39. Rg7 Nf3 40. g6 Ne5 41. Kc3 Kc5 42. Rc7+ Kd5 43. g7 Ke6 44. b4 Kf6 45. b5 Nf7 46. Kd4 Kxg7 47. Kd5 Kf6 48. b6 Rb8 49. b7 Ne5 50. Kxd6 Nf7+ 51. Kd7 Ne5+ 52. Kd6 Nf7+ 53. Kc5 Ne5 54. Kb6 Ke6 55. Rc8 Rxb7+ 56. Kxb7 Kd7 57. Rh8 Kd6 58. Kb6 Kd5 59. Re8 Kd6 60. Rd8+ Nd7+ 61. Kb7 Ke7 62.
Kc7 Nf6 63. Rd1 Ke6 64. Re1+ Kd5 65. Re2 Ne4 66. Re3 Kd4 67. Rh3 Kd5 68. Kd7 Nf6+ 69. Ke7 Ne4 70. Rh4 Nd2 71. Rh5+ Kd4 72. Kd6 Ne4+ 73. Kc6 Nc3 74. Rh4+ Ne4 75. Rg4 Ke5 76. Rg1 Kd4 77. Re1 Ke5 78. Rd1 Nf6 79. Kc5 Ne4+ 80. Kc4 Nf2 81. Rf1 Ne4 82. Re1 Kf4 83. Kd4 Ng3 84.
Re8 Nf5+ 85. Kd3 Ng3 86. Re1 Nf5 87. Re4+ Kg5 88. Ra4 Kf6 89. Ke4 Nd6+ 90. Kd5 Nf5 91. Rf4 Kg5 92. Ke4 Nh4 93. Rf8 Ng6 94. Rf5+ Kh6 95.
Rc5 Ne7 96. Kf4 Ng6+ 97. Kf5 Ne7+ 98. Kf6 Ng6 99. Rc4 Kh5 100. Rb4 Nh4 101. Rc4 Ng6 102. Rc1 Nh4 103. Rg1 Nf3 104. Rg3 Nh4 105. Rg5+ Kh6 106. Rg8 1/2-1/2

[Event "Early-Titled-Tuesday-Blitz-August-29-2023"]
[Site "Chess.com"]
[Date "2023.08.29"]
[Round "3"]
[White "cool64chess"]
[Black "KNVB"]
[Result "1/2-1/2"]
[WhiteElo "2511"]
[BlackElo "2789"]
[TimeControl "180+1"]
[EndTime "8:31:03 PDT"]
[Termination "Game drawn - insufficient material"]

1. d4 Nf6 2. c4 c5 3. d5 b5 4. Qc2 Na6 5. a3 Bb7 6. e4 d6 7. Nf3 g6 8. cxb5 Nc7 9. Nc3 Bg7 10. Bd3 O-O 11. O-O a6 12. Bf4 Nxb5 13. Nxb5 axb5 14. Bxb5 Qb6 15. a4 Ba6 16. Qc4 Bxb5 17. axb5 Rab8 18. b4 Qxb5 19. Qxb5 Rxb5 20. bxc5 Nh5 21.
cxd6 Nxf4 22. dxe7 Re8 23. d6 Bxa1 24. d7 Rbb8 25.
dxe8=Q+ Rxe8 26. Rxa1 Rxe7 27. g3 Ne2+ 28. Kf1 Nc3 29.
e5 Kg7 30. Ra6 Nd5 31. Rd6 Nc7 32. Rd1 h6 33. Re1 Ne6 34. Nd2 g5 35. Nc4 Rc7 36. Nd6 Kg6 37. Re4 Rc1+ 38. Kg2 Rc2 39. Ra4 Re2 40.
Ra5 g4 41. Kf1 Rc2 42. Ra7 Rc1+ 43. Ke2 Ng5 44. Ra8 Rc2+ 45. Ke3 h5 46. Ne4 Rc1 47.
Nxg5 Kxg5 48. Rg8+ Kf5 49. Rf8 Ke6 50. Kd2 Rh1 51.
Re8+ Kd7 52. Rf8 Ke7 53. Rh8 Rxh2 54. Ke3 Ke6 55. f4 gxf3 56. Kxf3 Kxe5 57. Re8+ Kf6 58. Ra8 Kg6 59. Ra6+ f6 60. Ra8 Rb2 61. Rg8+ Kh7 62.
Ra8 Kg7 63. Kf4 Rb5 64. Ra7+ Kg6 65. Ra8 Rb4+ 66. Kf3 Kg5 67. Ra5+ f5 68. Ra8 Rb3+ 69. Kg2 Rb2+ 70. Kf3 Rb3+ 71. Kg2 Rb6 72. Rg8+ Rg6 73. Ra8 Kh6 74. Kf3 Re6 75. Kf4 Rg6 76. Rf8 Rg4+ 77. Kf3 Kg6 78. Rg8+ Kf6 79. Rh8 Kg6 80. Rg8+ Kf7 81. Rh8 Rg5 82. Ra8 Ke6 83. Ra7 Rg4 84. Ra6+ Kf7 85. Rh6 Rg5 86. Kf4 Rg4+ 87. Kxf5 Rxg3 88.
Rxh5 Kg7 89. Rg5+ Rxg5+ 90. Kxg5 1/2-1/2

[Event "Early-Titled-Tuesday-Blitz-August-29-2023"]
[Site "Chess.com"]
[Date "2023.08.29"]
[Round "3"]
[White "Chessdreamer2020"]
[Black "ViktoriyaTarasova"]
[Result "0-1"]
[WhiteElo "2585"]
[BlackElo "2411"]
[TimeControl "180+1"]
[EndTime "8:31:11 PDT"]
[Termination "ViktoriyaTarasova won by checkmate"]

1. e4 e5 2. Nf3 Nc6 3. Bb5 Nf6 4. O-O Nxe4 5. Re1 Nd6 6. Nxe5 Be7 7. Bf1 Nxe5 8. Rxe5 O-O 9. d4 Bf6 10. Re1 Nf5 11. c3 d5 12. Bd3 Be6 13. Bf4 c6 14.
Nd2 Re8 15. Nf3 Nh4 16. Nxh4 Bxh4 17. Qh5 g6 18. Qh6 Bf6 19. Be5 Bxe5 20. Rxe5 Qf6 21.
Rae1 Qg7 22. Qe3 Qf8 23. h4 Bd7 24. h5 Rxe5 25. dxe5 Be6 26. h6 b6 27. Qg5 Qd8 28.
Qg3 Qf8 29. Qh2 c5 30. f4 Qc8 31.
Qh4 Qd8 32. Qf2 f5 33. Bb5 a6 34. Ba4 Qf8 35. Qh4 Qd8 36. Qg3 Ra7 37. Rd1 b5 38. Bc2 Rd7 39. Bb3 c4 40. Bc2 d4 41. cxd4 Rxd4 42.
Qf3 Rxd1+ 43. Bxd1 Qd4+ 44. Kh2 Bd5 45. Qf1 b4 46.
Bf3 Qxf4+ 47. Kg1 Qd4+ 48. Kh2 Qxe5+ 49. Kh1 Bxf3 50. Qxf3 Qe1+ 51. Kh2 Qh4+ 52. Kg1 Qxh6 53. Qd5+ Kg7 54. Qxc4 Qe3+ 55. Kh1 Qe1+ 56. Kh2 Qe5+ 57. Kg1 a5 58. b3 Qe3+ 59. Kh2 Qe5+ 60. Kh3 Qe7 61.
Qd4+ Kh6 62. Qf4+ Qg5 63. Qd4 Qg4+ 64. Qxg4 fxg4+ 65. Kxg4 Kg7 66. Kg5 Kf7 67. Kf4 Kf6 68. Ke4 Kg5 69. Kd5 Kg4 70. Kc5 h5 71. Kb5 Kg3 72. Kxa5 Kxg2 73. Kxb4 h4 74. a4 h3 75. a5 h2 76. a6 h1=Q 77. Ka5 Qh5+ 78. Kb6 Qf3 79. b4 Qa8 80. b5 g5 81. Ka5 g4 82. b6 g3 83. a7 Qd5+ 84. Ka6 Kf1 85. b7 Qc6+ 86. Ka5 Qxb7 87. Ka4 Qxa7+ 88. Kb5 g2 89. Kc4 g1=Q 90. Kb3 Qge3+ 91. Kc2 Qa2+ 92. Kd1 Qe1# 0-1

[Event "Early-Titled-Tuesday-Blitz-August-29-2023"]
[Site "Chess.com"]
[Date "2023.08.29"]
[Round "3"]
[White "YouJustFoundYourGodfather"]
[Black "Juicy_Fork"]
[Result "0-1"]
[WhiteElo "2578"]
[BlackElo "2408"]
[TimeControl "180+1"]
[EndTime "8:31:46 PDT"]
[Termination "Juicy_Fork won on time"]

1. Nf3 Nf6 2. b3 g6 3. Bb2 Bg7 4. g3 O-O 5. Bg2 d6 6. O-O c5 7.
c4 e5 8. d3 Nc6 9. Nc3 h6 10. a3 Be6 11. Rb1 Qd7 12. Re1 Bh3 13.
Bh1 Nh5 14. Nd5 f5 15. b4 f4 16. bxc5 dxc5 17. Nd2 fxg3 18. hxg3 Nd4 19. Bxd4 exd4 20. Rxb7 Qg4 21. Bf3 Qg5 22. Ne4 Qd8 23. Qa4 Bc8 24.
Ne7+ Kh7 25. Nxc8 Qxc8 26. Bxh5 Qxb7 27. Bf3 Qc7 28. Qb5 Rac8 29. Bg4 Rb8 30. Qxc5 Qf7 31.
Bf3 Rb3 32. a4 Rb2 33. a5 g5 34. Bg4 Re8 35. Bf5+ Kh8 36. Nd6 Qe7 37. Qd5 Rf8 38. Be4 Qf6 39. Nf5 Rf7 40. g4 Rf8 41. c5 Rbb8 42. c6 Rbd8 43. Qc5 Qe5 44. Qxe5 Bxe5 45. Rc1 Rc8 46. Rc5 Bf6 47. Bd5 Rfd8 48. c7 Rd7 49. Rc6 Bg7 50. Be6 Rdxc7 51. Ra6 Rc1+ 52. Kg2 R8c7 53.
Bd5 R1c2 54. Be4 Ra2 55. Bf3 Ra3 56. Nd6 Bf8 57. Nb5 Rc5 58. Nxa7 Rcxa5 59. Rxa5 Rxa5 60. Nc6 Ra4 61. Ne5 Kg7 62. Nd7 Bd6 63. Nb6 Rb4 64. Nc4 Bc5 65. Bd5 Kf6 66. Kf3 Rb1 67. Be4 Ba7 68. Nd6 Rh1 69. Nf5 Rc1 70. Nxh6 Rc2 71. Nf5 Bb8 72. Nxd4 Ra2 73. Nc6 Bf4 74. Nb4 Rb2 75. Nd5+ Ke5 76. e3 Bh2 77. d4+ Kd6 78. Nf6 Bg1 79. Kg2 Bxf2 80. Kf3 Bg1 81. Bd3 Rf2+ 82.
Kg3 Rd2 83. e4 Rxd3+ 84. Kg2 Bxd4 85. Nd5 Rd2+ 86. Kf3 Rf2+ 87. Kg3 Ra2 88. Kf3 Be5 89. Ne3 Ra3 90. Ke2 Bf4 91. Nc4+ Kc5 92. Nxa3 Kd4 93.
Kf3 Kd3 0-1

[Event "Early-Titled-Tuesday-Blitz-August-29-2023"]
[Site "Chess.com"]
[Date "2023.08.29"]
[Round "4"]
[White "Hope_6"]
[Black "CarlosjPineror"]
[Result "1-0"]
[WhiteElo "2729"]
[BlackElo "2426"]
[TimeControl "180+1"]
[EndTime "8:33:48 PDT"]
[Termination "Hope_6 won by resignation"]

1. d4 Nf6 2. c4 g6 3. Nc3 Bg7 4. e4 O-O 5. f3 c5 6. Nge2 d6 7. Be3 cxd4 8. Nxd4 Nc6 9. Qd2 Bd7 10.
Be2 Nxd4 11. Bxd4 a5 12. O-O Ba4 13. Nxa4 Nd7 14. Bxg7 Kxg7 15. Rfd1 Rc8 16. Rac1 Kg8 17. c5 dxc5 18. Qxd7 1-0

[Event "Early-Titled-Tuesday-Blitz-August-29-2023"]
[Site "Chess.com"]
[Date "2023.08.29"]
[Round "4"]
[White "vladislavkovalev"]
[Black "DanielNaroditsky"]
[Result "1/2-1/2"]
[WhiteElo "2915"]
[BlackElo "3152"]
[TimeControl "180+1"]
[EndTime "8:34:00 PDT"]
[Termination "Game drawn by agreement"]

1. e4 Nf6 2. e5 Nd5 3. d4 d6 4.
Nf3 dxe5 5. Nxe5 c6 6. Be2 Bf5 7. O-O Nd7 8. Nf3 e6 9. a3 Bd6 10. c4 N5f6 11. Nc3 h6 12. Re1 O-O 13. h3 Re8 14. Be3 Ne4 15. Rc1 Nxc3 16. Rxc3 Nf6 1/2-1/2

[Event "Early-Titled-Tuesday-Blitz-August-29-2023"]
[Site "Chess.com"]
[Date "2023.08.29"]
[Round "4"]
[White "Giorno"]
[Black "RAMBO1STBLOOD"]
[Result "1/2-1/2"]
[WhiteElo "2463"]
[BlackElo "2259"]
[TimeControl "180+1"]
[EndTime "8:34:08 PDT"]
[Termination "Game drawn by agreement"]

1. Nf3 f5 2. c4 Nf6 3. d4 d6 4. Nc3 g6 5. h4 h6 6. e3 Bg7 7. Bd3 O-O 8. Qc2 Nc6 9. a3 e5 10. d5 e4 11. dxc6 exd3 12. Qxd3 bxc6 13. Bd2 Rb8 14.
O-O-O Qe7 15. Nd4 1/2-1/2